 Dungeon Crawl Stone Soup version 0.28.0-53-g5a82cb258f (webtiles) character file.

Game seed: 8087041991657335765

2781 Labrat the Conjurer (level 9, -11/74 HPs)
             Began as a Demigod Conjurer on July 2, 2022.
             Mangled by an orc knight
             ... wielding a +0 war axe
              (20 damage)
             ... in a bailey.
             The game lasted 00:21:17 (8677 turns).

Labrat the Conjurer (Demigod Conjurer)              Turns: 8677, Time: 00:21:17

Health: -11/74     AC:  2    Str:  8    XL:     9   Next: 19%
Magic:  2/24       EV: 12    Int: 32    God:
Gold:   223        SH:  0    Dex: 12    Spells: 12/22 levels left

rFire   . . .      SeeInvis .   C - +2 flail (protect)
rCold   . . .      Faith    .   (no shield)
rNeg    . . .      Spirit   .   a - +0 robe
rPois   .          Reflect  .   (no helmet)
rElec   .          Harm     .   (no cloak)
rCorr   .          Rampage  .   (no gloves)
Will    .....                   (no boots)
Stlth   ++........              w - amulet of magic regeneration
HPRegen 0.22/turn               (no ring)
MPRegen 0.19/turn               (no ring)

@: no status effects
A: high MP 1, forlorn, divine attributes
a: no special abilities


You were in a bailey.
You visited 2 branches of the dungeon, and saw 8 of its levels.
You also visited: Bailey.

You collected 223 gold pieces.

Inventory:

Hand Weapons
 d - a +1 dagger of venom
 r - a +2 dagger of electrocution
 C - a +2 flail of protection (weapon)
Armour
 a - a +0 robe (worn)
Jewellery
 w - an amulet of magic regeneration (around neck)
 x - a ring of positive energy
Wands
 u - a wand of polymorph (11)
Scrolls
 b - 5 scrolls of teleportation
 e - a scroll of identify
 i - 2 scrolls of enchant armour
 k - 2 scrolls of enchant weapon
 l - a scroll of immolation {unknown}
 s - a scroll of fog {unknown}
 t - 3 scrolls of noise
 y - a scroll of blinking {unknown}
 A - a scroll of brand weapon {unknown}
Potions
 c - a potion of haste
 f - 2 potions of ambrosia {unknown}
 j - a potion of attraction {unknown}
 m - a potion of lignification {unknown}
 p - a potion of flight {unknown}
 q - 2 potions of degeneration {unknown}
 v - 2 potions of brilliance {unknown}
 z - 2 potions of heal wounds {unknown}
 B - 4 potions of mutation {unknown}
 D - a potion of curing {unknown}


   Skills:
 - Level 5.0 Fighting
 - Level 1.7 Dodging
 - Level 1.7 Stealth
 + Level 7.3 Spellcasting
 + Level 7.6 Conjurations
 - Level 3.0 Earth Magic


You had 12 spell levels left.
You knew the following spells:

 Your Spells              Type           Power      Damage    Failure   Level
a - Magic Dart            Conj           100%       1d8       1%          1
b - Searing Ray           Conj           100%       2d8       1%          2
c - Stone Arrow           Conj/Erth      90%        3d12      1%          3
d - Iskenderun's Mystic   Conj/Tloc      36%        2d9       9%          4

Your spell library contained the following spells:

 Spells                   Type           Power      Damage    Failure   Level
 Dazzling Flash           Conj/Hex       72%        N/A       2%          3
 Animate Skeleton         Necr           22%        N/A       4%          1
 Sublimation of Blood     Necr           11%        N/A       6%          2
 Fulminant Prism          Conj/Hex       18%        3d11      9%          4
 Gell's Gravitas          Tloc           11%        N/A       12%         3
 Lesser Beckoning         Tloc           11%        N/A       12%         3
 Teleport Other           Tloc           11%        N/A       12%         3
 Tukima's Dance           Hex            11%        N/A       12%         3
 Animate Armour           Summ/Erth      42%        N/A       22%         4
 Passage of Golubria      Tloc           11%        N/A       36%         4
 Yara's Violent Unravell  Hex/Tmut       5%         3d4       73%         5
 Starburst                Conj/Fire      18%        6d7       78%         6
 Lehudib's Crystal Spear  Conj/Erth      22%        10d6      100%        8


Dungeon Overview and Level Annotations

Branches:
Dungeon (7/15)             Temple (1/1) D:5          Bailey (1/1)


Innate Abilities, Weirdness & Mutations

You have an increased reservoir of magic. (+10% MP)
You shall have no god before yourself.
Your divine heritage dramatically boosts your attributes as you level up.


Message History

Press: ? - help, Shift-Dir - straight line, f/p - orc knight
Aim: an orc knight, wielding a +0 war axe and wearing a +0 scale mail (severely wounded, 70% to hit)
Okay, then.
Unknown command.
Casting: Stone Arrow (safe; 1% risk of failure)
Confirm with . or Enter, or press ? or * to list all spells.
You erupt in a blast of force!
The mystic blast hits the orc knight.
The orc knight is severely wounded.
The orc knight is knocked back by the mystic blast.
Unknown command.
Casting: Iskenderun's Mystic Blast (dangerous; 9% risk of failure)
Confirm with . or Enter, or press ? or * to list all spells.
Aiming: Stone Arrow (safe; 1% risk of failure)
Press: ? - help, Shift-Dir - straight line, f/p - orc knight
Aim: an orc knight, wielding a +0 war axe and wearing a +0 scale mail (severely wounded, 70% to hit)
The stone arrow hits the orc knight!
The orc knight is almost dead.
Unknown command.
You barely miss the orc knight.
The orc knight is almost dead.
The orc knight completely misses you.
You hit the orc knight but do no damage.
Your weapon exudes an aura of protection.
The orc knight is almost dead.
The orc knight hits you with a +0 war axe.
The orc knight barely misses you.
You hit the orc knight but do no damage.
The orc knight is almost dead.
The orc knight hits you with a +0 war axe!
You closely miss the orc knight.
The orc knight is almost dead.
The orc knight hits you with a +0 war axe!
* * * LOW HITPOINT WARNING * * *
The orc knight barely misses you.
There is a gate leading back out of this place here.
There is an empty arch of ancient stone here.
You closely miss the orc knight.
The orc knight is almost dead.
The orc knight hits you with a +0 war axe!!
You die...

#≈≈≈≈≈# #≈≈≈≈≈#
#####≈≈≈≈≈#
..#.≈≈≈≈≈≈#
..#.≈≈≈≈≈.######
)'#.≈≈≈≈≈......#
..#.≈≈≈≈≈......###
).)).)...........#
(.'(.........∩.o@#
..'(.............#
..#.≈≈≈≈≈......###
''#.≈≈≈≈≈......#
..#.≈≈≈≈≈.######
..#.≈≈≈≈≈≈#
#####≈≈≈≈≈#
#≈≈≈≈≈# #≈≈≈≈≈#


You could see an orc knight.

Vanquished Creatures
  A komodo dragon (D:6)
  Grinder (D:5)
  Sigmund (D:3)
  Edmund (D:5)
  2 water moccasins (D:6)
  7 orc warriors (Bailey)
  An ice beast (D:6)
  A black bear (D:4)
  A necrophage (D:6)
  A centaur (D:6)
  2 phantoms
  An electric eel (Bailey)
  3 centaur zombies
  A bullfrog zombie (D:6)
  An orc priest (D:7)
  Jessica (D:3)
  2 bullfrog skeletons
  Terence (D:3)
  An iguana (D:5)
  4 orc wizards
  A hound zombie (D:5)
  A hound skeleton (D:5)
  A howler monkey zombie (D:5)
  5 adders
  9 gnolls
  A howler monkey skeleton (D:5)
  A shadow imp (D:4)
  A white imp (D:5)
  2 ufetubi
  An adder skeleton (D:4)
  5 dart slugs
  17 orcs
  10 endoplasms
  4 giant cockroaches
  13 goblins
  11 hobgoblins
  7 kobolds
  8 quokkas
  3 ball pythons (D:4)
  9 bats
  7 frilled lizards
  4 rats
155 creatures vanquished.

Notes
Turn   | Place    | Note
-------+----------+-------------------------------------------
     0 | D:1      | Labrat the Demigod Conjurer began the quest for the Orb.
     0 | D:1      | Reached XP level 1. HP: 14/14 MP: 5/5
   288 | D:1      | Reached XP level 2. HP: 19/20 MP: 5/7
  1063 | D:1      | Learned a level 2 spell: Searing Ray
  1130 | D:2      | Reached XP level 3. HP: 26/26 MP: 4/9
  1676 | D:2      | Reached XP level 4. HP: 32/33 MP: 6/11
  2249 | D:3      | Noticed Jessica
  2254 | D:3      | Killed Jessica
  2409 | D:3      | Noticed Sigmund
  2562 | D:3      | Noticed Terence
  2712 | D:3      | Reached XP level 5. HP: 38/38 MP: 8/13
  2900 | D:4      | Reached skill level 5 in Conjurations
  3512 | D:4      | Learned a level 3 spell: Stone Arrow
  3866 | D:4      | Noticed a black bear
  4031 | D:4      | Killed a black bear
  4032 | D:4      | Reached skill level 1 in Earth Magic
  4032 | D:4      | Reached XP level 6. HP: 45/45 MP: 9/15
  4179 | D:5      | Entered Level 5 of the Dungeon
  4211 | D:5      | Noticed Edmund
  4591 | D:5      | Found a staircase to the Ecumenical Temple.
  4777 | D:5      | Noticed Grinder
  5211 | D:5      | Reached skill level 5 in Spellcasting
  5482 | D:5      | Killed Grinder
  5483 | D:5      | Reached XP level 7. HP: 56/56 MP: 8/17
  5673 | D:5      | Killed Edmund
  5769 | Temple   | Entered the Ecumenical Temple
  6109 | D:3      | Killed Sigmund
  6186 | D:3      | Killed Terence
  6406 | D:6      | Reached skill level 5 in Fighting
  6456 | D:6      | Reached XP level 8. HP: 59/68 MP: 12/19
  6871 | D:6      | Got the Disquisition on the Unholy Mountains
  7047 | D:6      | Noticed a komodo dragon
  7053 | D:6      | Killed a komodo dragon
  7762 | D:7      | Found a flagged portal.
  7782 | D:7      | Learned a level 4 spell: Iskenderun's Mystic Blast
  7783 | Bailey   | Entered a bailey
  8127 | Bailey   | Reached XP level 9. HP: 54/74 MP: 8/23
  8592 | Bailey   | Noticed an orc knight
  8677 | Bailey   | Mangled by an orc knight

Illustrated notes

Levels and vault maps discovered:
D:1:      roderic_crossed_star, layout_loops_ring, chequers_jeans, fountainhead,
          minmay_unequal
D:2:      layout_loops_ring, grunt_ministairs_2
D:3:      layout_basic, nicolae_overflow_crystal_walls, nicolae_ru_awakened_eye,
          shapermc_ecumenical_altar_mp_highgroup, uniq_terence, uniq_jessica,
          uniq_sigmund
D:4:      layout_basic, kiku_gazebo_pond_becter,
          mainiacjoe_overflow_small_starburst
D:5:      layout_loops_corners, lemuel_temple_firewalk_b, uniq_grinder,
          uniq_edmund
D:6:      layout_rooms, nicolae_uskayaw_suspiria, fedhas_bush_and_centaur_altar,
          led_sif_pool
D:7:      layout_loops_ring, nzn_wu_jian_council_hall,
          nicolae_qazlal_style_of_elements, jmf_multi_god_temple2,
          enter_bailey_4, minmay_manual_monstrance
Temple:   cyrus_temple_forest
Bailey:   bailey_axe_of_yendor_kennysheep, bailey

Skill      XL: |  1  2  3  4  5  6  7  8  9 |
---------------+----------------------------+-----
Spellcasting   | 2 3 4 5 6 7 |  7.3
Conjurations   | 4 5 7 |  7.6
Earth Magic    | 1 3 |  3.0
Fighting       | 2 5 |  5.0
Dodging        | |  1.7
Stealth        | |  1.7

Action                   |  1- 3 |  4- 6 |  7- 9 || total
-------------------------+-------+-------+-------++-------
Melee: Dagger            |    17 |    21 |       ||    38
       Flail             |       |       |    31 ||    31
Throw: Dart              |       |       |    10 ||    10
       Throwing net      |       |       |     1 ||     1
 Cast: Magic Dart        |    69 |   115 |    33 ||   217
       Searing Ray       |     2 |     5 |    15 ||    22
       Stone Arrow       |       |     5 |    36 ||    41
       Iskenderun's Myst |       |       |     9 ||     9
  Use: Scroll            |       |       |     9 ||     9
 Stab: Sleeping          |     1 |       |       ||     1
Armor: Robe              |     3 |     4 |    16 ||    23
Dodge: Dodged            |    11 |    13 |    44 ||    68
